Map: Traitor's Exile

Players

Urbina

  • Race: Protoss Protoss
  • Spawn Location: 6:00

Yelwarc

  • Race: Zerg Zerg
  • Spawn Location: 5:00

PureLegacy - Winner!

  • Race: Terran Terran
  • Spawn Location: 9:00

MightyBeast - Winner!

  • Race: Protoss Protoss
  • Spawn Location: 12:00

VOD

Have the link to the VOD?

Description

Time

  • Played on: Nov. 20, 2018, 2:20 p.m.
  • Length: 9:21
Show
View Real Time Build Order
Export as new Build Order

Urbina Protoss 

Build Orders: Oracle Opening 

Get SALT Encoding   

  12  0:02  Probe  
  14  0:14  Probe  
  14  0:23  Pylon  
  14  0:26  Probe  
  15  0:38  Probe  
  16  0:45  Gateway  
  16  0:46  Probe  
  16  0:55  Probe  
  16  0:56  Assimilator  
  17  1:01  Assimilator  
  18  1:08  Probe  
  19  1:20  Probe  
  20  1:32  Probe, Cybernetics Core  
  21  1:37  Pylon  
  21  1:44  Probe  
  22  1:56  Probe  
  24  2:08  Probe  
  24  2:11  Stargate  
  24  2:14  Adept  
  26  2:20  Probe  
  26  2:21  Pylon  
  25  2:45  Probe  
  24  2:52  Adept  
  24  2:53  Probe  
  24  2:56  Oracle  
  27  3:03  Probe  
  27  3:15  Probe  
  26  3:27  Probe  
  26  3:29  Oracle  
  13  4:07  Probe  
  13  4:15  Probe  
  14  4:25  Probe  
  15  4:37  Probe  
  16  4:49  Probe  
  11  5:35  Probe  
    6:28  Probe  
  1  7:34  Probe  
Show
View Real Time Build Order
Export as new Build Order

Yelwarc Zerg 

Build Orders: Hatch First, Ravager All-In 

Get SALT Encoding   

  12  0:02  Drone  
  13  0:10  Drone  
  14  0:15  Extractor  
  14  0:17  Drone  
  15  0:41  Hatchery  
  14  0:54  Spawning Pool  
  13  0:57  Extractor  
  13  1:04  Drone  
  13  1:14  Overlord  
  13  1:19  Drone  
  14  1:32  Drone  
  15  1:34  Drone  
  15  1:38  Drone  
  17  1:49  Drone  
  18  1:55  Drone, Extractor  
  18  2:01  Roach Warren  
  17  2:05  Drone  
  17  2:07  Drone  
  19  2:12  Drone  
  20  2:20  Drone  
  20  2:21  Drone  
  22  2:27  Drone  
  23  2:33  Overlord  
  23  2:41  Roach  
  25  2:46  Roach  
  27  2:53  Roach  
  27  2:56  Roach  
  31  3:00  Roach  
  35  3:05  Roach  
  35  3:07  Ravager  
  36  3:13  Overlord  
  36  3:24  Overlord  
  36  3:29  Overlord  
  36  3:33  Ravager x4  
  40  3:37  Roach  
  42  3:45  Spore Crawler  
  35  4:03  Roach x3  
  35  4:04  Roach  
  43  4:12  Roach  
  43  4:13  Roach  
  47  4:21  Roach  
  51  4:53  Roach x5  
  59  5:09  Overlord x2  
  53  5:20  Drone  
  53  5:21  Drone x2  
  54  5:37  Queen  
  54  5:38  Queen  
  54  5:41  Drone  
  55  5:54  Drone x4  
  49  6:18  Lair  
  49  6:26  Drone x5  
  47  6:59  Drone  
  47  7:00  Drone x6  
  47  7:21  Hydralisk Den  
  46  7:26  Glial Reconstitution  
  46  7:27  Roach x3  
  46  7:28  Roach  
  46  7:29  Roach x2  
  58  7:30  Roach  
  58  7:35  Evolution Chamber  
  58  7:36  Evolution Chamber  
  58  7:38  Queen  
  58  7:39  Drone x2  
  58  7:40  Drone  
  58  7:42  Drone  
  64  8:02  Spore Crawler  
  63  8:08  Spore Crawler  
  62  8:15  Hydralisk x4  
  62  8:16  Hydralisk x2  
  70  8:35  Overlord x3  
  70  8:52  Overlord  
  70  8:53  Overlord  
Show
View Real Time Build Order
Export as new Build Order

PureLegacy Terran - Winner!

Build Orders:  

Get SALT Encoding   

  12  0:00  SCV  
  13  0:13  SCV  
  14  0:17  Supply Depot  
  14  0:25  SCV  
  15  0:31  Refinery  
  15  0:39  SCV  
  16  0:46  Barracks  
  16  0:53  SCV  
  17  1:03  Barracks  
  17  1:17  Barracks  
  17  1:20  SCV  
  18  1:33  Reaper  
  18  1:39  Orbital Command  
  19  1:47  Refinery  
  19  1:50  Reaper  
  20  2:00  Supply Depot  
  20  2:05  Reaper  
  21  2:10  Reaper  
  21  2:14  SCV  
  23  2:23  Supply Depot  
  23  2:25  Reaper  
  23  2:28  SCV  
  26  2:37  Reaper  
  26  2:40  SCV  
  27  2:45  Reaper  
  28  2:55  SCV  
  28  2:57  Reaper  
  30  3:09  Reaper  
  31  3:17  Reaper  
  31  3:18  Engineering Bay  
  32  3:20  SCV  
  33  3:30  Reaper, Command Center  
  34  3:41  Reaper  
  35  3:43  SCV  
  36  3:48  Missile Turret  
  36  3:59  Reaper  
  33  4:06  Reaper  
  34  4:11  Barracks  
  34  4:12  Barracks  
  34  4:15  Reaper  
  35  4:20  SCV  
  35  4:23  Supply Depot  
  36  4:25  Terran Infantry Weapons Level 1  
  35  4:32  SCV  
  35  4:43  SCV  
  35  4:44  SCV  
  35  4:50  Barracks Reactor, Barracks Tech Lab  
  35  4:52  Marine  
  33  4:57  SCV  
  35  5:03  Orbital Command  
  35  5:05  Missile Turret  
  34  5:12  Marine x3  
  36  5:18  Stimpack  
  36  5:19  Marauder  
  36  5:20  SCV  
  37  5:28  Marine  
  37  5:29  Marine  
  37  5:34  SCV x2  
  41  5:40  Factory  
  41  5:44  Marine  
  41  5:45  Marine x3  
  41  5:47  SCV  
  46  5:53  SCV  
  46  6:02  Marine x2  
  46  6:03  Marauder  
  43  6:11  SCV x2  
  44  6:23  SCV  
  44  6:24  SCV, Barracks Tech Lab x2  
  44  6:25  Engineering Bay  
  46  6:26  Starport  
  46  6:27  Factory Reactor  
  46  6:29  Supply Depot  
  46  6:30  Barracks Reactor  
  46  6:31  Marauder  
  46  6:32  Marine x2  
  50  6:35  SCV  
  50  6:36  SCV  
  40  6:48  SCV x2  
  40  6:50  Marine x2, Marauder  
  40  6:51  Marauder  
  43  6:56  Concussive Shells, Combat Shield  
  43  6:57  Marauder  
  43  7:00  SCV x2  
  45  7:08  Marine x4  
  45  7:14  SCV  
  45  7:15  SCV  
  51  7:17  Medivac  
  51  7:18  Medivac  
  55  7:26  Terran Infantry Armor Level 1  
  55  7:27  SCV x2  
  57  7:32  Marauder x2  
  61  7:38  Marauder  
  61  7:40  SCV x2  
  65  7:45  Supply Depot  
  65  7:52  Armory  
  65  7:56  SCV  
  65  7:57  SCV  
  68  8:01  Supply Depot  
  68  8:04  Marauder  
  69  8:07  Marauder x2  
  69  8:10  SCV x2  
  69  8:12  Supply Depot  
  75  8:19  Supply Depot x2  
  75  8:22  SCV, Refinery  
  75  8:23  Refinery  
  76  8:30  Medivac x2  
  76  8:31  SCV  
  81  8:34  SCV  
  82  8:45  Marine  
  82  8:46  Marine x4  
  87  8:48  Marine  
  97  9:21  Supply Depot  
Show
View Real Time Build Order
Export as new Build Order

MightyBeast Protoss - Winner!

Build Orders: Oracle Opening 

Get SALT Encoding   

  1  0:00  Probe  
  12  0:06  Probe  
  14  0:16  Probe  
  15  0:26  Pylon  
  15  0:44  Probe  
  15  0:46  Gateway  
  16  0:54  Assimilator  
  16  0:56  Probe  
  17  0:58  Assimilator  
  16  1:08  Probe  
  17  1:17  Probe  
  17  1:25  Probe  
  19  1:34  Cybernetics Core  
  19  1:35  Probe  
  20  1:46  Pylon  
  20  1:47  Probe  
  21  1:59  Zealot  
  23  2:04  Probe  
  24  2:15  Stargate  
  24  2:16  Probe  
  25  2:23  Warp Gate  
  25  2:37  Pylon  
  25  2:50  Oracle  
  25  2:52  Nexus  
  28  3:09  Stalker  
  30  3:22  Stargate  
  30  3:53  Stalker  
  32  3:58  Probe  
  33  4:04  Oracle  
  33  4:08  Probe  
  36  4:11  Probe  
  36  4:12  Phoenix  
  36  4:17  Probe  
  40  4:19  Probe  
  42  4:25  Probe  
  42  4:29  Probe  
  42  4:30  Pylon  
  43  4:37  Probe  
  44  4:41  Probe  
Tags
 
Add a new tag
Caveats
  • Supply blocks, unpowered buildings, or Contaminate may cause inaccurate times.
  • Supply counts are checked every 10 seconds.